 Dungeon Crawl Stone Soup version 0.31-a0-108-gdf935468f2 (webtiles) character file.

Game seed: 15702448459632079318

16 rapeowns the Conjurer (level 2, 0/20 HPs)
             Began as a Demigod Conjurer on May 28, 2023.
             Slain by a jackal (2 damage)
             ... on level 2 of the Dungeon.
             The game lasted 00:01:00 (533 turns).

rapeowns the Conjurer (Demigod Conjurer)             Turns: 533, Time: 00:01:00

Health: 0/20       AC:  2    Str:  8    XL:     2   Next: 27%
Magic:  7/7        EV: 12    Int: 20    God:
Gold:   21         SH:  0    Dex: 12    Spells: 1/4 levels left

rFire   . . .        c - +0 short sword
rCold   . . .        (no shield)
rNeg    . . .        a - +0 robe
rPois   .            (no helmet)
rElec   .            (no cloak)
rCorr   .            (no gloves)
SInv    .            (no boots)
Will    .....        (no amulet)
Stlth   ++           (no ring)
HPRegen 0.23/turn    (no ring)
MPRegen 0.10/turn

%: no passive effects
@: no status effects
A: high MP 1, forlorn, divine attributes
a: no special abilities


You were on level 2 of the Dungeon.
You visited 1 branch of the dungeon, and saw 3 of its levels.

You collected 21 gold pieces.

Inventory:

Hand Weapons
 c - a +0 short sword (weapon)
Armour
 a - a +0 robe (worn)
Scrolls
 e - a scroll of identify {unknown}
Potions
 b - a potion of magic
 d - a potion of attraction {unknown}
 f - a potion of degeneration {unknown}


   Skills:
 + Level 1.9 Dodging
 + Level 2.0 Stealth
 + Level 1.9 Spellcasting
 + Level 4.0 Conjurations


You had one spell level left.
You knew the following spells:

 Your Spells              Type           Power      Damage    Failure   Level
a - Magic Dart            Conj           72%        1d6       3%          1
b - Searing Ray           Conj           36%        2d5       4%          2

Your spell library contained the following spells:

 Spells                   Type           Power      Damage    Failure   Level
 Momentum Strike          Conj/Tloc      20%        3d8       11%         2
 Dazzling Flash           Conj/Hex       20%        N/A       21%         3
 Blink                    Tloc           2%         N/A       24%         2
 Lesser Beckoning         Tloc           2%         N/A       24%         2
 Fulminant Prism          Conj/Hex       5%         3d7       56%         4
 Iskenderun's Mystic Bla  Conj/Tloc      10%        2d4       56%         4


Dungeon Overview and Level Annotations

Branches:
Dungeon (3/15)


Innate Abilities, Weirdness & Mutations

You have an increased reservoir of magic. (+10% MP)
You shall have no god before yourself.
Your divine heritage dramatically boosts your attributes as you level up.


Message History

The jackal bites you but does no damage.
You hit the jackal.
The jackal is almost dead.
The jackal bites you.
You barely miss the jackal.
The jackal is almost dead.
The jackal barely misses you. The jackal closely misses you.
You hit the jackal but do no damage.
The jackal is almost dead.
The jackal bites you.
You closely miss the jackal.
The jackal is almost dead.
The jackal barely misses you. x2; The jackal bites you.
The jackal barely misses you. The jackal bites you.
You barely miss the jackal.
The jackal is almost dead.
The jackal bites you. x2; The jackal misses you.
You hit the jackal.
You kill the jackal!
The jackal closely misses you.
The jackal bites you but does no damage.
A worm comes into view.
You hit the jackal but do no damage. The jackal closely misses you.
The jackal bites you. x3
* * * LOW HITPOINT WARNING * * *
You are too injured to fight recklessly!
You are too injured to fight recklessly!
You are too injured to fight recklessly!
Unknown command.
The jackal bites you.
* * * LOW HITPOINT WARNING * * *
The jackal bites you.
* * * LOW HITPOINT WARNING * * *
The jackal bites you but does no damage.
The jackal misses you. The jackal attacks as you move away!
The jackal bites you but does no damage.
The jackal attacks as you move away! The jackal barely misses you.
The jackal bites you.
You die...

#.# #.# #....
####.###.# #....
.........# #....
####.###.# #....
#.....# ......
.#.#####..##.#
###....
...........#...
...###
######....###... ..##
# ###...@...# ......
# #....hh...# .... #
#.........# ... #
#......##.#.#
.#######
#..........†# #.....
#.....w##..### #..)..
###.............
#.....
##.###.........#.....
#.# .......†.#.....


You could see a worm and 2 jackals.

Vanquished Creatures
  2 bats (D:2)
  A bat skeleton (D:2)
  An endoplasm (D:2)
  A giant cockroach (D:2)
  2 jackals (D:2)
  3 kobolds
  A frilled lizard (D:2)
  2 goblins (D:2)
  A rat (D:2)
14 creatures vanquished.

Notes
Turn   | Place    | Note
-------+----------+-------------------------------------------
     0 | D:1      | rapeowns the Demigod Conjurer began the quest for the Orb.
     0 | D:1      | Reached XP level 1. HP: 14/14 MP: 5/5
    98 | D:3      | Noticed a phantom
   244 | D:2      | Reached XP level 2. HP: 20/20 MP: 2/7
   247 | D:2      | Learned a level 2 spell: Searing Ray
   412 | D:2      | Reached skill level 4 in Conjurations
   530 | D:2      | HP: 1/20 [jackal (1)]
   533 | D:2      | Slain by a jackal

Illustrated notes

Levels and vault maps discovered:
D:1:      elethiomel_arrival_maze, layout_basic, hex_intersection,
          minmay_misc_feat_ornament
D:2:      layout_basic, shapermc_ecumenical_altar_starsandcircs, serial_shops,
          nicolae_shop_rolled_up, serial_undead, serial_undead_e,
          serial_undead_d, serial_undead_b, serial_undead_d
D:3:      layout_loops_ring, small_statue_intersection

Skill      XL: |  1  2 |
---------------+-------+-----
Stealth        | 2 |  2.0
Conjurations   | 4 |  4.0
Dodging        | |  1.9
Spellcasting   | |  1.9

Action                     || total
---------------------------++-------
  Melee: Unarmed           ||     9
         Short sword       ||    10
   Cast: Magic Dart        ||    16
 Armour: Robe              ||     8
  Dodge: Dodged            ||    19

Table legend: (Time is in decaauts)
 A = Elapsed time spent in this place.
 B = Non-inter-level travel time spent in this place.
 C = Inter-level travel time spent in this place.
 D = Time resting spent in this place.
 E = Time spent auto-exploring this place.
 F = Levels seen in this place.
 G = Mean time per level.
                   A        B        C        D        E       F      G
               +--------+--------+--------+--------+--------+-----+--------+
         Total |    532 |    532 |      0 |      0 |    443 |   3 |  177.3 |
       Dungeon |    532 |    532 |      0 |      0 |    443 |   3 |  177.3 |
               +--------+--------+--------+--------+--------+-----+--------+

Top non-repeatable levels by time:
     D:2: 452 daAuts
     D:1: 58 daAuts
     D:3: 21 daAuts
